 Dungeon Crawl Stone Soup version 0.19-a0-905-ge5e6a15 (webtiles) character file.

25 Moloch the Magician (level 2, -3/19 HPs)
             Began as a Demonspawn Wizard on July 5, 2016.
             Slain by a worm (11 damage)
             ... on level 2 of the Dungeon.
             The game lasted 00:01:56 (865 turns).

Moloch the Magician (Demonspawn Wizard)              Turns: 865, Time: 00:01:56

Health: -3/19      AC:  2    Str:  7    XL:     2   Next: 82%
Magic:  1/6        EV: 11    Int: 19    God:
Gold:   28         SH:  0    Dex:  6    Spells: 3 memorised, 2 levels left

rFire  . . .     SeeInvis .     f - -3 mace (curse)
rCold  . . .     Gourm    .     a - +0 robe
rNeg   . . .     Faith    .     (no shield)
rPois  .         Spirit   .     b - +0 hat
rElec  .         Dismiss  .     (no cloak)
rCorr  .         Reflect  .     (no gloves)
SustAt .         Harm     .     (no boots)
MR     .....                    (no amulet)
Stlth  +.........               (no ring)
                                n - -5 ring of dexterity (curse)

@: very slightly contaminated, not resistant to hostile enchantments, very
unstealthy
A: talons 1
a: no special abilities


You were on level 2 of the Dungeon.
You were not hungry.

You visited 1 branch of the dungeon, and saw 2 of its levels.

You collected 28 gold pieces.

Inventory:

Hand Weapons
 f - a cursed -3 mace (weapon)
Armour
 a - a +0 robe (worn)
 b - a +0 hat (worn)
Jewellery
 n - a cursed -5 ring of dexterity (left hand)
Scrolls
 e - 2 scrolls of remove curse {unknown}
 m - a scroll of recharging {unknown}
 r - a scroll of fog {unknown}
Potions
 g - 2 potions of degeneration {unknown}
 h - a potion of ambrosia {unknown}
 i - a potion of beneficial mutation {unknown}
 j - a potion of flight {unknown}
 l - a potion of haste {unknown}
 o - 2 potions of resistance {unknown}
 q - a potion of brilliance {unknown}
Books
 c - a book of Minor Magic

   Spells                             Type                      Level
   a - Magic Dart                     Conjuration                  1
   b - Blink                          Translocation                2
   c - Call Imp                       Summoning                    2
   d - Repel Missiles                 Charms/Air                   2
   e - Slow                           Hexes                        2
   f - Conjure Flame                  Conjuration/Fire             3
   g - Mephitic Cloud                 Conjuration/Poison/Air       3
Comestibles
 d - a bread ration
 k - 4 fruits
 p - 2 chunks of flesh


   Skills:
 - Level 1.7 Dodging
 - Level 1.7 Stealth
 - Level 3.0 Spellcasting
 + Level 2.8 Conjurations
 - Level 1.0 Summonings
 - Level 0.8 Translocations


You had 2 spell levels left.
You knew the following spells:

 Your Spells              Type           Power        Failure   Level  Hunger
a - Magic Dart            Conj           ##..         6%          1    None
b - Blink                 Tloc           N/A          17%         2    ##.....
c - Call Imp              Summ           #.......     17%         2    ##.....


Dungeon Overview and Level Annotations

Branches:
Dungeon (2/15)

Altars:
Dithmenos


Innate Abilities, Weirdness & Mutations

You have sharp toenails.


Message History

Confirm with . or Enter, or press ? or * to list all spells.
You don't have enough magic to cast that spell.
Casting: Magic Dart
Confirm with . or Enter, or press ? or * to list all spells.
You don't have enough magic to cast that spell.
You hit the worm. Your kick misses the worm.
The worm is heavily wounded.
The worm bites you but does no damage.
You hit the worm. You claw the worm, but do no damage.
The worm is heavily wounded.
The worm closely misses you.
You hit the worm.
The worm is heavily wounded.
The worm bites you!
Ouch! That really hurt!
You hit the worm. You claw the worm, but do no damage.
The worm is heavily wounded.
The worm bites you!
Ouch! That really hurt!
You die...

.##.#..##.............#
<.#............^.......
......#....#..........##
...##...##..#...........
...##.#####.........#§§§
†..#..# ###.......§§§§
...#.## #####.#.###.§§§§
..... .......w##......##
.....# ........@...## ..##
##...###.........##.# ...#
# .............#....###.#.#
##.............###........#
#....# ........# ###......#
.....# #.......# ##.....#
##...# #.......######.###.#
..# #...............##.#
..# ###..<....######..##.#


You could see a worm.

Vanquished Creatures
  An adder (D:2)
  A giant gecko (D:2)
  2 giant cockroaches (D:1)
  A goblin (D:1)
  2 hobgoblins (D:1)
  3 bats
  6 rats
16 creatures vanquished.

Notes
Turn   | Place    | Note
-------+----------+-------------------------------------------
     0 | D:1      | Moloch the Demonspawn Wizard began the quest for the Orb.
     0 | D:1      | Reached XP level 1. HP: 13/13 MP: 4/4
   354 | D:1      | Gained mutation: You have sharp toenails. [demonic ancestry]
   354 | D:1      | Reached XP level 2. HP: 19/19 MP: 1/6
   708 | D:1      | Learned a level 2 spell: Blink
   711 | D:1      | Learned a level 2 spell: Call Imp
   728 | D:2      | Found a shadowy altar of Dithmenos.
   865 | D:2      | Slain by a worm

Vault maps used:
D:1:      dpeg_arrival_tiny_a, interstate_on_off, minmay_tree_intersection
D:2:      minitemple, grunt_dithmenos_smoke

Skill      XL: |  1 |
---------------+----+-----
Conjurations   | 2 |  2.8
Dodging        | |  1.7
Stealth        | |  1.7
Spellcasting   | |  3.0
Summonings     | |  1.0
Translocations | |  0.8

Action                   || total
-------------------------++-------
Melee: Mace              ||     7
       Kick              ||     2
 Cast: Magic Dart        ||    50
Armor: Robe              ||     1
Dodge: Dodged            ||     6
